 Dungeon Crawl Stone Soup version 0.29.1 (webtiles) character file.

Game seed: 5339334061228956394

271 safid the Shooter (level 6, -8/56 HPs)
             Began as a Minotaur Hunter on Sept 14, 2022.
             Mangled by a two-headed ogre
             ... wielding a +0 dire flail
              (17 damage)
             ... on level 5 of the Dungeon.
             The game lasted 00:04:12 (3066 turns).

safid the Shooter (Minotaur Hunter)                 Turns: 3066, Time: 00:04:13

Health: -8/56      AC:  5    Str: 16    XL:     6   Next: 2%
Magic:  5/5        EV: 12    Int:  6    God:
Gold:   288        SH:  0    Dex: 15    Spells: 5/5 levels left

rFire   . . .      SeeInvis .   a - +0 shortbow
rCold   . . .      Faith    .   (shield currently unavailable)
rNeg    . . .      Spirit   .   c - +0 leather armour
rPois   .          Reflect  .   (helmet restricted)
rElec   .          Harm     .   q - +0 cloak
rCorr   .          Rampage  .   h - +0 pair of gloves
Will    .....                   (no boots)
Stlth   +.........              (no amulet)
HPRegen 0.18/turn               (no ring)
MPRegen 0.09/turn               (no ring)

@: no status effects
A: horns 2, retaliatory headbutt
a: no special abilities


You were on level 5 of the Dungeon.
You visited 1 branch of the dungeon, and saw 5 of its levels.

You collected 288 gold pieces.

Inventory:

Hand Weapons
 a - a +0 shortbow (weapon)
Armour
 c - a +0 leather armour (worn)
 h - a +0 pair of gloves (worn)
 q - a +0 cloak (worn)
Jewellery
 n - a ring of fire
Wands
 s - a wand of flame (18)
Scrolls
 b - 2 scrolls of teleportation {unknown}
 e - 2 scrolls of identify {unknown}
 f - 2 scrolls of blinking {unknown}
 p - a scroll of enchant weapon {unknown}
Potions
 d - 4 potions of lignification {unknown}
 g - a potion of curing {unknown}
 i - a potion of attraction {unknown}
 j - 2 potions of haste {unknown}
 k - 2 potions of might {unknown}
 l - a potion of brilliance {unknown}
 m - a potion of degeneration {unknown}
 o - 2 potions of berserk rage {unknown}
 r - a potion of flight {unknown}


   Skills:
 + Level 5.4 Fighting
 + Level 6.3 Ranged Weapons
 - Level 3.0 Dodging
 - Level 0.7 Stealth


You had 5 spell levels left.
You didn't know any spells.
Your spell library was empty.

Dungeon Overview and Level Annotations

Branches:
Dungeon (5/15)
 Temple: D:4-7

Altars:
Wu Jian

Shops:
D:2 :[[


Innate Abilities, Weirdness & Mutations

You have a pair of horns on your head.
You reflexively headbutt those who attack you in melee.


Message History

The necrophage is moderately damaged.
The necrophage closely misses you.
You shoot an arrow. The arrow hits the necrophage.
The necrophage is moderately damaged.
The necrophage hits you!
You shoot an arrow. The arrow hits the necrophage!
The necrophage is severely damaged.
The necrophage closely misses you.
You shoot an arrow.
The arrow closely misses the necrophage.
The necrophage barely misses you. You furiously retaliate!
You headbutt the necrophage, but do no damage.
The necrophage closely misses you.
You shoot an arrow.
The arrow closely misses the necrophage.
The necrophage closely misses you. You furiously retaliate!
You headbutt the necrophage!
You destroy the necrophage!
You have reached level 6!
HP restored.
You see here a necrophage corpse.
Found 2 poisoned darts.
Found a stone staircase leading up.
You now have enough gold to buy a book of Spatial Translocations on D:2.
You can access your shopping list by pressing '$'.
You now have 288 gold pieces (gained 7).
A two-headed ogre comes into view.
It is wielding a +0 dire flail and a +0 giant club.
Found 12 gold pieces.
The two-headed ogre shouts in stereo!
The two-headed ogre moves out of view.
Your line of fire to the two-headed ogre is blocked by a broken pillar.
There is a stone staircase leading up here.
The two-headed ogre attacks as you move away!
The two-headed ogre hits you with a +0 dire flail!!
The two-headed ogre hits you with a +0 giant club!!
* * * LOW HITPOINT WARNING * * *
You see here 3 gold pieces.
The two-headed ogre attacks as you move away!
The two-headed ogre barely misses you.
The two-headed ogre hits you with a +0 giant club!
You die...

.....##..........#
.............8.8..# .#
..............(..##..#
.............#........#
...............<......+
.^..#.........$....##.#
....#..............#
............##O.....##.
#............#@.....##.####+###
#...##........##.###..>#....#.
#..##........##..##..........
#..#..###.#####.##...........
#.....# ######..###..........
###...######....#..........#
##..†........#.. #......<#
#............#.# ##.#....##
#....#..#......###.......#


You could see a two-headed ogre.

Vanquished Creatures
  A necrophage (D:5)
  A howler monkey (D:4)
  An iguana (D:3)
  Ijyb (D:3)
  4 adders
  A worm (D:3)
  6 orcs (D:3)
  6 bats
  7 endoplasms
  3 giant cockroaches
  8 goblins
  10 hobgoblins
  2 jackals (D:3)
  4 quokkas
  8 ball pythons
  3 frilled lizards
  3 kobolds
  5 rats
74 creatures vanquished.

Notes
Turn   | Place    | Note
-------+----------+-------------------------------------------
     0 | D:1      | safid the Minotaur Hunter began the quest for the Orb.
     0 | D:1      | Reached XP level 1. HP: 18/18 MP: 0/0
   181 | D:1      | Reached XP level 2. HP: 21/25 MP: 1/1
   572 | D:1      | Reached XP level 3. HP: 31/31 MP: 2/2
  1051 | D:2      | Found a faded altar of an unknown god.
  1054 | D:2      | Found Vaopim's Armour Boutique.
  1115 | D:2      | Found Emmedi's Antique Armour Shoppe.
  1165 | D:2      | Found Ogetaenk's Book Emporium.
  1377 | D:3      | Reached skill level 5 in Ranged Weapons
  1496 | D:3      | Noticed Ijyb
  1502 | D:3      | Killed Ijyb
  1503 | D:3      | Reached XP level 4. HP: 16/40 MP: 3/3
  1988 | D:3      | Found an ornate altar of the Wu Jian Council.
  2321 | D:4      | Reached XP level 5. HP: 47/47 MP: 4/4
  2520 | D:4      | Reached skill level 5 in Fighting
  2520 | D:4      | Reached skill level 6 in Ranged Weapons
  2963 | D:5      | Entered Level 5 of the Dungeon
  3006 | D:5      | Reached XP level 6. HP: 48/56 MP: 5/5
  3057 | D:5      | Noticed a two-headed ogre
  3066 | D:5      | Mangled by a two-headed ogre

Illustrated notes

Levels and vault maps discovered:
D:1:      lemuel_arrival_river_ford, layout_loops_ring, minivault_11
D:2:      layout_rooms, serial_shops, shop, nicolae_shop_behind_doors,
          shop_fountains, nicolae_ecumenical_oubliette
D:3:      layout_loops_ring, amcnicky_altar_gilded, uniq_ijyb
D:4:      layout_basic
D:5:      layout_cave_pools, nicolae_sif_muna_condensation, serial_column_ruins,
          column_ruins_hut, column_ruins_grid_4, column_ruins_open_tiny,
          column_ruins_grid_1, column_ruins_grid_1, kennysheep_generic_room_9

Skill      XL: |  1  2  3  4  5 |
---------------+----------------+-----
Fighting       | 3 4 5 |  5.4
Dodging        | 3 |  3.0
Ranged Weapons | 5 6 |  6.3
Stealth        | |  0.7

Action                   |  1- 3 |  4- 6 || total
-------------------------+-------+-------++-------
 Fire: Shortbow          |   120 |    91 ||   211
Armor: Leather armour    |    12 |     6 ||    18
Dodge: Dodged            |    38 |    26 ||    64
